| TOP OF THE 1ST |
|
Washington Nationals batting - Pitching for Atlanta Braves : RHP Casey Jones
|
|
Pitching: RHP Casey Jones
|
|
|
Batting: SHB Mark Rennie
|
0-0: Called Strike 0-1: Fly out, F8 (Flyball, 8LD, EV 93.1 MPH)
|
|
Batting: RHB Dave Vargas
|
0-0: Called Strike 0-1: Foul Ball, location: 2F 0-2: Strikes out looking
|
|
Batting: LHB Seth Cook
|
0-0: Called Strike 0-1: Ball 1-1: Foul Ball, location: 2F 1-2: Foul Ball, location: 2F 1-2: Ball 2-2: Foul Ball, location: 2F 2-2: Ball 3-2: SINGLE (Line Drive, 8RS, EV 104.4 MPH)
|
|
Batting: RHB John Sanders
|
0-0: Called Strike 0-1: Called Strike Seth Cook steals 2nd base 0-2: Strikes out looking
|
| Top of the 1st over - 0 runs, 1 hit, 0 errors, 1 left on base; Washington 0 - Atlanta 0 |
| BOTTOM OF THE 1ST |
|
Atlanta Braves batting - Pitching for Washington Nationals : RHP Jason Cheek
|
|
Pitching: RHP Jason Cheek
|
|
|
Batting: RHB Jeckel Hester
|
0-0: Ball 1-0: Called Strike 1-1: Foul Ball, location: 2F 1-2: Strikes out looking
|
|
Batting: RHB J.J. Powers
|
0-0: Called Strike 0-1: Called Strike 0-2: Ball 1-2: Ball 2-2: SINGLE (Flyball, 8LS, EV 85.6 MPH)
|
|
Batting: SHB Terry Tuckfard
|
0-0: Called Strike J.J. Powers is caught stealing 2nd base 2-6 0-1: Ball 1-1: Ball 2-1: Swinging Strike 2-2: SINGLE (Flyball, 56D, EV 87.5 MPH)
|
|
Batting: LHB Erik Gretzky
|
0-0: Ball 1-0: Ball 2-0: Fly out, F4 (Popup, 4D, EV 63.1 MPH)
|
| Bottom of the 1st over - 0 runs, 2 hits, 0 errors, 1 left on base; Washington 0 - Atlanta 0 |
| TOP OF THE 2ND |
|
Washington Nationals batting - Pitching for Atlanta Braves : RHP Casey Jones
|
|
Batting: SHB Tze-meng Gan
|
0-0: Called Strike 0-1: SINGLE (Groundball, 4M, EV 92.5 MPH) (infield hit)
|
|
Batting: LHB Emmanuel Gaskin
|
0-0: Ball 1-0: Sac Bunt to 15S - play at first, batter OUT! 1-3 Tze-meng Gan to second
|
|
Batting: LHB Bi-jun Chien
|
0-0: Called Strike Tze-meng Gan is caught stealing 3rd base 2-5 0-1: DOUBLE (Line Drive, 89D, EV 106.9 MPH)
|
|
Batting: RHB Darren McCarty Jr.
|
0-0: Ball 1-0: Ground out 6-3 (Groundball, 6, EV 101.9 MPH)
|
| Top of the 2nd over - 0 runs, 2 hits, 0 errors, 1 left on base; Washington 0 - Atlanta 0 |
| BOTTOM OF THE 2ND |
|
Atlanta Braves batting - Pitching for Washington Nationals : RHP Jason Cheek
|
|
Batting: RHB Ike Trout
|
0-0: Called Strike 0-1: Foul Ball, location: 2F 0-2: Ball 1-2: Ball 2-2: Fly out, F7 (Flyball, 7, EV 91.2 MPH)
|
|
Batting: LHB Luis Magdaleno
|
0-0: Ball 1-0: Called Strike 1-1: Ball 2-1: Ball 3-1: Foul Ball, location: 2F 3-2: Foul Ball, location: 2F 3-2: SINGLE (Flyball, 8LS, EV 89.4 MPH)
|
|
Batting: RHB David Casas
|
0-0: Called Strike 0-1: Ball 1-1: Fly out, F8 (Flyball, 8RXD, EV 88.1 MPH)
|
|
Batting: RHB Bobby Ayala
|
0-0: Called Strike 0-1: Ball 1-1: Ball 2-1: Ball Luis Magdaleno is caught stealing 2nd base 2-4
|
| Bottom of the 2nd over - 0 runs, 1 hit, 0 errors, 0 left on base; Washington 0 - Atlanta 0 |
| TOP OF THE 3RD |
|
Washington Nationals batting - Pitching for Atlanta Braves : RHP Casey Jones
|
|
Batting: LHB Bob Melley
|
0-0: Ball 1-0: Ball 2-0: Called Strike 2-1: Foul Ball, location: 2F 2-2: Foul Ball, location: 2F 2-2: Ball 3-2: Foul Ball, location: 2F 3-2: Foul Ball, location: 2F 3-2: Fly out, F9 (Flyball, 9S, EV 81.9 MPH)
|
|
Batting: SHB Mark Rennie
|
0-0: Called Strike 0-1: Swinging Strike 0-2: Ball 1-2: Strikes out swinging
|
|
Batting: RHB Dave Vargas
|
0-0: Ball 1-0: Ball 2-0: Ground out 3-1 (Groundball, 34S, EV 73.8 MPH)
|
| Top of the 3rd over - 0 runs, 0 hits, 0 errors, 0 left on base; Washington 0 - Atlanta 0 |
| BOTTOM OF THE 3RD |
|
Atlanta Braves batting - Pitching for Washington Nationals : RHP Jason Cheek
|
|
Batting: RHB Bobby Ayala
|
0-0: Swinging Strike 0-1: Foul Ball, location: 2F 0-2: Strikes out swinging
|
|
Batting: RHB Erik Coleman
|
0-0: Swinging Strike 0-1: Ground out 6-3 (Groundball, 6, EV 88.8 MPH)
|
|
Batting: RHB Jeckel Hester
|
0-0: Ball 1-0: Ball 2-0: Ball 3-0: Called Strike 3-1: Foul Ball, location: 2F 3-2: Ground out 4-3 (Groundball, 34, EV 80.0 MPH)
|
| Bottom of the 3rd over - 0 runs, 0 hits, 0 errors, 0 left on base; Washington 0 - Atlanta 0 |
| TOP OF THE 4TH |
|
Washington Nationals batting - Pitching for Atlanta Braves : RHP Casey Jones
|
|
Batting: LHB Seth Cook
|
0-0: Called Strike 0-1: Ball 1-1: Foul Ball, location: 2F 1-2: Fly out, F9 (Line Drive, 9LM, EV 98.8 MPH)
|
|
Batting: RHB John Sanders
|
0-0: Foul Ball, location: 2F 0-1: Called Strike 0-2: Strikes out swinging
|
|
Batting: SHB Tze-meng Gan
|
0-0: Ball 1-0: Fly out, F8 (Flyball, 8RM, EV 71.9 MPH)
|
| Top of the 4th over - 0 runs, 0 hits, 0 errors, 0 left on base; Washington 0 - Atlanta 0 |
| BOTTOM OF THE 4TH |
|
Atlanta Braves batting - Pitching for Washington Nationals : RHP Jason Cheek
|
|
Batting: RHB J.J. Powers
|
0-0: Ball 1-0: Ball 2-0: Ball 3-0: Called Strike 3-1: Base on Balls
|
|
Batting: SHB Terry Tuckfard
|
0-0: Grounds into double play, 4-6-3 (Groundball, 34, EV 80.0 MPH)
|
|
Batting: LHB Erik Gretzky
|
0-0: Ball 1-0: Ball 2-0: Ball 3-0: Foul Ball, location: 2F 3-1: Swinging Strike 3-2: Foul Ball, location: 2F 3-2: Strikes out looking
|
| Bottom of the 4th over - 0 runs, 0 hits, 0 errors, 0 left on base; Washington 0 - Atlanta 0 |
| TOP OF THE 5TH |
|
Washington Nationals batting - Pitching for Atlanta Braves : RHP Casey Jones
|
|
Batting: LHB Emmanuel Gaskin
|
0-0: Foul Ball, location: 2F 0-1: Ball 1-1: Ball 2-1: Ball 3-1: Base on Balls
|
|
Batting: LHB Bi-jun Chien
|
0-0: Ball 1-0: Foul Ball, location: 2F 1-1: Ball 2-1: Grounds into double play, 4-6-3 (Groundball, 4, EV 86.2 MPH)
|
|
Batting: RHB Darren McCarty Jr.
|
0-0: Fly out, F6 (Popup, 6MD, EV 47.5 MPH)
|
| Top of the 5th over - 0 runs, 0 hits, 0 errors, 0 left on base; Washington 0 - Atlanta 0 |
| BOTTOM OF THE 5TH |
|
Atlanta Braves batting - Pitching for Washington Nationals : RHP Jason Cheek
|
|
Batting: RHB Ike Trout
|
0-0: Called Strike 0-1: Called Strike 0-2: Fly out, F9 (Flyball, 89M, EV 74.4 MPH)
|
|
Batting: LHB Luis Magdaleno
|
0-0: Called Strike 0-1: Ball 1-1: Called Strike 1-2: Foul Ball, location: 2F 1-2: Foul Ball, location: 2F 1-2: Ground out U3 (Groundball, 34, EV 85.0 MPH)
|
|
Batting: RHB David Casas
|
0-0: Called Strike 0-1: Called Strike 0-2: Ball 1-2: Ball 2-2: Foul Ball, location: 2F 2-2: Foul Ball, location: 2F 2-2: Foul Ball, location: 2F 2-2: Ball 3-2: Ground out 1-3 (Groundball, 34S, EV 69.4 MPH)
|
| Bottom of the 5th over - 0 runs, 0 hits, 0 errors, 0 left on base; Washington 0 - Atlanta 0 |
| TOP OF THE 6TH |
|
Washington Nationals batting - Pitching for Atlanta Braves : RHP Casey Jones
|
|
Batting: LHB Bob Melley
|
0-0: Called Strike 0-1: Ball 1-1: Called Strike 1-2: Foul Ball, location: 2F 1-2: Ball 2-2: Ball 3-2: Foul Ball, location: 2F 3-2: Foul Ball, location: 2F 3-2: Strikes out swinging
|
|
Batting: SHB Mark Rennie
|
0-0: Called Strike 0-1: Foul Ball, location: 2F 0-2: Foul Ball, location: 2F 0-2: Foul Ball, location: 2F 0-2: Ball 1-2: Strikes out swinging
|
|
Batting: RHB Dave Vargas
|
0-0: TRIPLE (Flyball, 78XD, EV 94.4 MPH)
|
|
Batting: LHB Seth Cook
|
0-0: Ball 1-0: Foul Ball, location: 2F 1-1: SINGLE (Flyball, 4D, EV 86.2 MPH) Dave Vargas scores
|
|
Batting: RHB John Sanders
|
0-0: Ball 1-0: Foul Ball, location: 3F, Error on foul ball, E3 1-1: 2-RUN HOME RUN (Flyball, 7D, EV 103.8 MPH), Distance : 384 ft
|
|
Batting: SHB Tze-meng Gan
|
0-0: Ball 1-0: Ball 2-0: Ball 3-0: Called Strike 3-1: Foul Ball, location: 2F 3-2: Strikes out looking
|
| Top of the 6th over - 3 runs, 3 hits, 1 error, 0 left on base; Washington 3 - Atlanta 0 |
| BOTTOM OF THE 6TH |
|
Atlanta Braves batting - Pitching for Washington Nationals : RHP Jason Cheek
|
|
Batting: RHB Bobby Ayala
|
0-0: SINGLE (Line Drive, 6D, EV 103.1 MPH)
|
|
Batting: RHB Erik Coleman
|
0-0: Ball Bobby Ayala steals 2nd base 1-0: Called Strike 1-1: SINGLE (Line Drive, 6D, EV 95.0 MPH) Bobby Ayala to third Runner from 3rd tries for Home, throw by CF and OUT! 8-2 Erik Coleman to second
|
|
Batting: RHB Jeckel Hester
|
0-0: Ball 1-0: Ball 2-0: Ball 3-0: Base on Balls
|
|
Batting: RHB J.J. Powers
|
0-0: Ball 1-0: Ball 2-0: Ball 3-0: Called Strike 3-1: Foul Ball, location: 2F 3-2: Foul Ball, location: 2F 3-2: Grounds into double play, 5-4-3 (Groundball, 56S, EV 81.2 MPH)
|
| Bottom of the 6th over - 0 runs, 2 hits, 0 errors, 1 left on base; Washington 3 - Atlanta 0 |
| TOP OF THE 7TH |
|
Washington Nationals batting - Pitching for Atlanta Braves : RHP Casey Jones
|
|
Batting: LHB Emmanuel Gaskin
|
0-0: Fly out, F7 (Flyball, 7S, EV 90.6 MPH)
|
|
Batting: LHB Bi-jun Chien
|
0-0: Called Strike 0-1: Swinging Strike 0-2: Ball 1-2: Ball 2-2: Strikes out swinging, 2-3 out at first.
|
|
Batting: RHB Darren McCarty Jr.
|
0-0: Called Strike 0-1: DOUBLE (Line Drive, 7LM, EV 103.8 MPH)
|
|
Batting: LHB Bob Melley
|
0-0: Called Strike 0-1: Swinging Strike 0-2: Strikes out swinging
|
| Top of the 7th over - 0 runs, 1 hit, 0 errors, 1 left on base; Washington 3 - Atlanta 0 |
| BOTTOM OF THE 7TH |
|
Atlanta Braves batting - Pitching for Washington Nationals : RHP Jason Cheek
|
|
Batting: SHB Terry Tuckfard
|
0-0: SINGLE (Groundball, 25, EV 73.8 MPH) (infield hit)
|
|
Batting: LHB Erik Gretzky
|
0-0: Foul Ball, location: 2F 0-1: Ball 1-1: Fly out, F7 (Line Drive, 7S, EV 92.5 MPH)
|
|
Batting: RHB Ike Trout
|
0-0: Fly out, F9 (Flyball, 9D, EV 95.0 MPH)
|
|
Batting: LHB Luis Magdaleno
|
0-0: Ball 1-0: Called Strike Terry Tuckfard steals 2nd base (no throw) 1-1: Foul Ball, location: 2F 1-2: Strikes out swinging
|
| Bottom of the 7th over - 0 runs, 1 hit, 0 errors, 1 left on base; Washington 3 - Atlanta 0 |
| TOP OF THE 8TH |
|
Washington Nationals batting - Pitching for Atlanta Braves : RHP Casey Jones
|
|
Batting: SHB Mark Rennie
|
0-0: Ball 1-0: Ball 2-0: Foul Ball, location: 2F 2-1: Swinging Strike 2-2: Foul Ball, location: 2F 2-2: Ground out 3-1 (Groundball, 34, EV 103.1 MPH)
|
|
Batting: RHB Dave Vargas
|
0-0: Ball 1-0: Ball 2-0: Ground out 4-3 (Groundball, 4, EV 78.8 MPH)
|
|
Batting: LHB Seth Cook
|
0-0: Ball 1-0: Called Strike 1-1: Swinging Strike 1-2: Ground out 6-3 (Groundball, 6, EV 82.5 MPH)
|
| Top of the 8th over - 0 runs, 0 hits, 0 errors, 0 left on base; Washington 3 - Atlanta 0 |
| BOTTOM OF THE 8TH |
|
Atlanta Braves batting - Pitching for Washington Nationals : RHP Jason Cheek
|
|
Pitching: RHP Oleg Bahanov
|
|
|
Batting: RHB David Casas
|
0-0: Called Strike 0-1: Ball 1-1: Ground out 5-3 (Groundball, 56, EV 85.6 MPH)
|
|
Batting: RHB Bobby Ayala
|
0-0: Ball 1-0: Ball 2-0: Foul Ball, location: 2F 2-1: Foul Ball, location: 2F 2-2: Ball 3-2: Foul Ball, location: 2F 3-2: Foul Ball, location: 2F 3-2: Strikes out swinging
|
|
Batting: RHB Erik Coleman
|
0-0: Called Strike 0-1: Ball 1-1: Ball 2-1: Ball 3-1: Base on Balls
|
|
Batting: RHB Jeckel Hester
|
0-0: Swinging Strike 0-1: Foul Ball, location: 2F 0-2: Ground out 4-3 (Groundball, 4, EV 85.0 MPH)
|
| Bottom of the 8th over - 0 runs, 0 hits, 0 errors, 1 left on base; Washington 3 - Atlanta 0 |
| TOP OF THE 9TH |
|
Washington Nationals batting - Pitching for Atlanta Braves : RHP Casey Jones
|
|
Pitching: RHP Troy Baker
|
|
|
Batting: RHB John Sanders
|
0-0: Called Strike 0-1: Ball 1-1: Called Strike 1-2: SINGLE (Groundball, 34S, EV 96.9 MPH)
|
|
Batting: SHB Tze-meng Gan
|
0-0: Called Strike 0-1: Foul Ball, location: 2F 0-2: Foul Ball, location: 2F 0-2: Foul Ball, location: 2F 0-2: Ball 1-2: SINGLE (Groundball, 4D, EV 108.1 MPH) John Sanders to second Runner from 2nd tries for 3rd, SAFE, throw by RF made to third Tze-meng Gan to second
|
|
Batting: LHB Emmanuel Gaskin
|
0-0: SINGLE (Groundball, 56, EV 106.2 MPH) John Sanders scores Tze-meng Gan to third Runner from 3rd tries for Home, SAFE, throw by LF to home
|
|
Batting: LHB Bi-jun Chien
|
0-0: SINGLE (Groundball, 34S, EV 71.2 MPH) (infield hit) Emmanuel Gaskin to second
|
|
Batting: RHB Darren McCarty Jr.
|
0-0: Bunt missed! 0-1: Bunted foul 0-2: Ball 1-2: Foul Ball, location: 2F 1-2: Strikes out swinging
|
|
Batting: LHB Bob Melley
|
0-0: Called Strike 0-1: Ball 1-1: Foul Ball, location: 2F 1-2: Fly out, F9 (Flyball, 89M, EV 91.2 MPH)
|
|
Batting: SHB Mark Rennie
|
0-0: Ball 1-0: Called Strike 1-1: Ball 2-1: Ball 3-1: Called Strike 3-2: Foul Ball, location: 2F 3-2: Foul Ball, location: 2F 3-2: Strikes out swinging
|
| Top of the 9th over - 2 runs, 4 hits, 0 errors, 2 left on base; Washington 5 - Atlanta 0 |
| BOTTOM OF THE 9TH |
|
Atlanta Braves batting - Pitching for Washington Nationals : RHP Oleg Bahanov
|
|
Batting: RHB J.J. Powers
|
0-0: Ball 1-0: Foul Ball, location: 2F 1-1: Foul Ball, location: 2F 1-2: Foul Ball, location: 2F 1-2: Foul Ball, location: 2F 1-2: Strikes out swinging, 2-3 out at first.
|
|
Batting: SHB Terry Tuckfard
|
0-0: Ball 1-0: Ball 2-0: Called Strike 2-1: Ball 3-1: DOUBLE (Groundball, 3L, EV 103.1 MPH)
|
|
Batting: LHB Erik Gretzky
|
0-0: Ball 1-0: Foul Ball, location: 2F 1-1: Ball 2-1: 2-RUN HOME RUN (Flyball, 9LD, EV 102.5 MPH), Distance : 380 ft
|
|
Batting: RHB Ike Trout
|
0-0: Ball 1-0: Foul Ball, location: 2F 1-1: Swinging Strike 1-2: Foul Ball, location: 2F 1-2: Ground out 5-3 (Groundball, 5S, EV 76.2 MPH)
|
|
Batting: LHB Luis Magdaleno
|
0-0: Ball 1-0: Ball 2-0: Ball 3-0: Base on Balls
|
|
Pitching: RHP David Sly
|
|
|
Batting: RHB David Casas
|
0-0: Foul Ball, location: 2F 0-1: Ball 1-1: Foul Ball, location: 2F 1-2: Ball 2-2: Ground out 4-3 (Groundball, 34, EV 103.1 MPH)
|
| Bottom of the 9th over - 2 runs, 2 hits, 0 errors, 1 left on base; Washington 5 - Atlanta 2 |
|